AoeStats
← atom.vac

Arabia

506497795Analyzed
1v1 RM · 19d ago on Sep 13, 2026· 50m 16s· 2 players
Game mode
Random Map
Map size
Tiny (2 player)
Population
200
Speed
Normal
Resources
Standard
Victory
Conquest
Starting age
Dark Age
Ending age
Imperial Age
RankedLock teamsTeams togetherTeam positionsShared explorationLock speedFull tech treeHidden civsTurbo modeCheats
Victory
Defeat
🇨🇿 Malay · Czechia
945
+17
🇧🇷 Lithuanians · Brazil
956
-17
atom.vac
7:39 Loom
9:50 Feudal Age
11:12 Double-Bit Axe
16:47 Horse Collar
22:41 Castle Age
21:45 Fletching
24:46 Bow Saw
29:47 Wheelbarrow
31:04 Hand Cart
31:42 Bodkin Arrow
33:18 Forging
32:58 Man-at-Arms
33:45 Long Swordsman
43:39 Imperial Age
42:43 Two-Handed Swordsman
49:07 Elite Skirmisher
Fat_Astronaut
7:31 Loom
9:49 Feudal Age
22:39 Wheelbarrow
22:26 Double-Bit Axe
22:58 Bloodlines
23:50 Fletching
24:57 Padded Archer Armor
28:11 Castle Age
26:29 Scale Barding Armor
27:36 Scale Mail Armor
27:50 Forging
28:17 Crossbowman
28:55 Bodkin Arrow
31:12 Iron Casting
34:36 Chain Barding Armor
36:41 Leather Archer Armor
40:47 Bow Saw
46:22 Thumb Ring
Connection lost

Rejoining the realm…

Still unreachable

The connection could not be restored.

Session expired

The server has moved on; the page needs a fresh start.